[Event "FRA-ch 91st"]
[Site "Agen"]
[Date "2016.08.17"]
[Round "5"]
[White "Cornette, Matthieu"]
[Black "Feller, Sebastien"]
[Result "1-0"]
[ECO "D13"]
[WhiteElo "2581"]
[BlackElo "2602"]
[Annotator "Besenthal,K/Primel,D"]
[PlyCount "59"]
[EventDate "2016.08.13"]
[EventType "tourn"]
[EventRounds "9"]
[EventCountry "FRA"]
[EventCategory "14"]
[SourceTitle "CBM 174"]
[Source "ChessBase"]
[SourceDate "2016.09.13"]
[SourceVersion "1"]
[SourceVersionDate "2016.09.13"]
[SourceQuality "1"]
[TimeControl "40/5400+30:1800+30"]

1. d4 Nf6 2. Bf4 e6 3. e3 b6 4. Nf3 Bb7 5. Bd3 c5 6. c3 Be7 7. h3 O-O 8. O-O Nc6 9. a3 cxd4 10. cxd4 Rc8 11. Nc3 d5 12. Rc1 Na5 13. Nd2 (13. Nb5 Rxc1 14. Qxc1 a6 15. Bc7 Qa8 16. Nd6 Nc4
17. Nxb7 Qxb7 18. Bf4 Rc8 19. Qb1 b5 20. Rc1 h6 21. Ne5 Nxe5 22. Bxe5 Nd7 23.
Bf4 Nb6 24. Rd1 Nc4 25. e4 dxe4 26. Bxe4 Qb6 27. d5 e5 28. Bg3 Bd6 29. h4 Qd8
30. Bf5 Rc7 31. Re1 g6 32. Bd3 h5 33. b3 e4 34. Bxe4 Bxg3 35. bxc4 Bxh4 36.
cxb5 axb5 37. Qxb5 Kg7 38. a4 Qf6 39. g3 Bg5 40. d6 Rc3 41. d7 h4 42. g4 Qf4 {
Kamsky,G (2741)-Sargissian,G (2671) Khanty-Mansiysk 2013 1/2-1/2 (69)}) 13...
Nc4 14. Nxc4 dxc4 15. Bb1 b5 16. Be5 a6 17. e4 $146 (17. Qc2 g6 18. e4 Qb6 19. Qd2 Nd7 20. Bf4 Rfd8
21. e5 Qa7 22. Rcd1 Nc5 23. Bc2 Qa8 24. f3 Nd3 25. Bg5 Bxg5 26. Qxg5 Qa7 27.
Qe3 Qxd4 28. Qxd4 Rxd4 29. Bxd3 cxd3 30. Rfe1 Rc5 31. Re3 a5 32. Rdxd3 Rxd3 33.
Rxd3 Rxe5 34. Rd7 Bd5 35. Nxb5 Bxf3 36. Nd6 Rg5 37. g4 Rd5 38. Kf2 Bh1 39. b4
axb4 40. axb4 e5 41. g5 Rd4 42. b5 h6 43. gxh6 Kh7 44. b6 Kxh6 45. Nxf7+ Kh5
46. Nxe5 Rxd7 {Rustemov,A-Frog,I (2370) Moscow 1992 1-0}) 17... Qb6 18. Qe2 Rfe8 19. Rfd1 Rcd8 20. Qf3 Nd7 21. Bf4 Nf8 22. Qg3 Rd7 23. Be3 Qd8 24. e5 Ng6 25. Ne4 Bf8 (25... Nh4 $1
$11 {Donné par Laurent FRESSINET lors de l'analyse post-Mortem}) 26. Ng5 {
[%emt 0:04:47] Probiert man in dieser Stellung im Geiste einen Zug wie Sxh7
durch, dann sieht das eigentlich noch nicht gefährlich aus...} f5 $2 {[%emt 0:
01:01] ... aber nach dieser fatalen Schwächung ändert sich das. Schwarz
verlängert zwar die Wirkung seines Turmes nach g7, verkennt dabei aber, dass
der Punkt g7 gar nicht bedroht war. Die verdeckte Gefahr lauerte auf den
weißen Feldern!} 27. exf6 Qxf6 28. Nxh7 $1 Kxh7 29. Bg5 Bd6 (29... Qf7 30. Qh4+ Kg8 31. Qh5 $18) 30. Qg4 1-0